 Dungeon Crawl Stone Soup version 0.25.0-9-g26727b657a (webtiles) character file.

Game seed: 2109829043154770370

39 MajorAdolf the Skirmisher (level 3, 0/37 HPs)
             Began as a Naga Wanderer on June 17, 2020.
             Slain by Robin
             ... wielding a +0 trident
              (4 damage)
             ... on level 3 of the Dungeon.
             The game lasted 00:02:49 (1712 turns).

MajorAdolf the Skirmisher (Naga Wanderer)           Turns: 1712, Time: 00:02:50

Health: 0/37       AC:  4    Str: 17    XL:     3   Next: 47%
Magic:  3/3        EV:  8    Int: 10    God:
Gold:   53         SH:  0    Dex: 10    Spells: 2/2 levels left

rFire    . . .     SeeInvis +   e - +0 hand axe
rCold    + . .     Gourm    .   (no shield)
rNeg     . . .     Faith    .   h - +0 ring mail
rPois    +         Spirit   .   (no helmet)
rElec    .         Reflect  .   q - +0 cloak
rCorr    .         Harm     .   (no gloves)
MR       .....                  (no barding)
Stlth    ..........             (no amulet)
HPRegen  0.12/turn              i - ring of protection from cold
MPRegen  0.08/turn              v - ring of see invisible

@: very slow
A: large, see invisible, deformed body, poison resistance, slowness 2, slow
metabolism 1, spit poison 1, AC +1
a: Spit Poison


You were on level 3 of the Dungeon.
You were not hungry.

You visited 1 branch of the dungeon, and saw 3 of its levels.

You collected 53 gold pieces.

Inventory:

Hand Weapons
 a - a +2 dagger
 c - a +0 shortbow
 e - a +0 hand axe (weapon)
Missiles
 b - a curare-tipped dart (quivered)
 d - 27 arrows
 t - 15 poisoned darts
Armour
 h - a +0 ring mail (worn)
 q - a +0 cloak (worn)
Jewellery
 i - a ring of protection from cold (left hand)
 v - a ring of see invisible (right hand)
Scrolls
 j - 2 scrolls of remove curse
 o - a scroll of fear {unknown}
 s - a scroll of fog {unknown}
 u - 2 scrolls of magic mapping {unknown}
Potions
 f - a potion of ambrosia {unknown}
 l - a potion of curing {unknown}
 n - a potion of haste {unknown}
 p - a potion of degeneration {unknown}
Comestibles
 g - 2 rations
 k - 2 chunks of flesh


   Skills:
 - Level 4.5 Fighting
 + Level 3.8 Axes
 - Level 1.0 Throwing
 - Level 1.0 Armour
   Level 1.0 Evocations


You had 2 spell levels left.
You didn't know any spells.
Your spell library was empty.

Dungeon Overview and Level Annotations

Branches:
Dungeon (3/15)

Altars:
Fedhas

Annotations:
D:3 Robin


Innate Abilities, Weirdness & Mutations

You cannot wear boots.
Your serpentine skin is tough. (AC +1)
You have supernaturally acute eyesight. (SInv)
Armour fits poorly on your strangely shaped body.
Your system is resistant to poisons. (rPois)
You cover ground very slowly.
You have a slow metabolism.
You can spit poison.


Message History

Aim: an adder (moderately wounded)
The splash of poison hits the adder but does no damage.
The adder is moderately wounded.
You feel slightly more hungry. The adder closely misses you.
The adder bites you but does no damage.
Unknown command.
You miss the adder.
The adder is moderately wounded.
Robin hits you from afar with a +0 trident.
The adder bites you but does no damage.
You hit the adder.
The adder is heavily wounded.
You have got your breath back.
Robin hits you from afar with a +0 trident!
* * * LOW HITPOINT WARNING * * *
The adder bites you.
* * * LOW HITPOINT WARNING * * *
The adder barely misses you.
Robin hits you from afar with a +0 trident.
You die...

########
##..))..##
#....@)..#
#...()S....#
####
#.......g.[#
#..
#...=......#
..#
#..?.......#
.<#
#########..#
.......# .##
.......# .#
.......#


You could see Robin and an adder.

Vanquished Creatures
  A dart slug (D:2)
  A leopard gecko (D:2)
  2 ball pythons (D:1)
  2 giant cockroaches
  6 hobgoblins
  2 bats
  2 frilled lizards (D:1)
  11 goblins
  2 kobolds
  5 rats
34 creatures vanquished.

Notes
Turn   | Place    | Note
-------+----------+-------------------------------------------
     0 | D:1      | MajorAdolf the Naga Wanderer began the quest for the Orb.
     0 | D:1      | MajorAdolf set off with the following items: a +2 dagger, a
                  | curare-tipped dart, a +0 shortbow, 27 arrows, a +0 hand
                  | axe, a +0 robe, a ration
     0 | D:1      | Reached XP level 1. HP: 22/22 MP: 1/1
   329 | D:1      | Reached XP level 2. HP: 26/31 MP: 2/2
  1241 | D:2      | Found a blossoming altar of Fedhas.
  1411 | D:3      | Noticed Robin
  1418 | D:2      | Reached XP level 3. HP: 31/37 MP: 3/3
  1440 | D:3      | Noticed a sky beast
  1712 | D:3      | Slain by Robin

Illustrated notes

Levels and vault maps discovered:
D:1:      lightli_arrival_statue_moat, layout_rooms
D:2:      layout_rooms, lemuel_doored_altar
D:3:      minmay_angry_zag, layout_rooms, portal_sewer_entry_d, uniq_robin

Action                   || total
-------------------------++-------
Melee: Dagger            ||    25
       Hand axe          ||    63
 Abil: Spit Poison       ||     5
  Use: Scroll            ||     3
  Eat: Chunk             ||     2
Armor: Ring mail         ||    55
Dodge: Dodged            ||    45
